 Dungeon Crawl Stone Soup version 0.22-a0-456-g11ed031 (webtiles) character file.

511 n0claF the Skirmisher (level 7, -1/61 HPs)
             Began as a Hill Orc Fighter on June 6, 2018.
             Was a Follower of Trog.
             Slain by a gnoll
             ... wielding a +0 halberd
              (7 damage)
             ... on level 4 of the Dungeon.
             The game lasted 00:09:02 (2951 turns).

n0claF the Skirmisher (Hill Orc Fighter)            Turns: 2951, Time: 00:09:02

Health: -1/61      AC: 11    Str: 26    XL:     7   Next: 19%
Magic:  7/7        EV:  9    Int:  8    God:    Trog [*.....]
Gold:   109        SH: 10    Dex: 10    Spells: 6/6 levels left

rFire    . . .     SeeInvis .   s - +2 mace (crush)
rCold    . . .     Gourm    .   c - +0 shield
rNeg     . . .     Faith    .   q - +1 ring mail {rPois}
rPois    +         Spirit   .   (no helmet)
rElec    .         Reflect  .   w - +0 cloak
rCorr    .         Harm     .   (no gloves)
MR       .....                  t - +2 pair of boots
Stlth    ..........             (no amulet)
HPRegen  0.20/turn              (no ring)
MPRegen  0.10/turn              (no ring)

@: mighty, lethally poisoned (-1 -> -7)
A: no striking features
a: Berserk, Renounce Religion


You were on level 4 of the Dungeon.
You worshipped Trog.
Trog was aware of your devotion.
You were not hungry.

You visited 1 branch of the dungeon, and saw 4 of its levels.

You collected 109 gold pieces.

Inventory:

Hand Weapons
 a - a +0 long sword
 p - a +0 short sword of speed
 s - a +2 mace of crushing (weapon)
Armour
 c - a +0 shield (worn)
 q - a +1 ring mail of poison resistance (worn)
 t - a +2 pair of boots (worn)
 w - a +0 cloak (worn)
Jewellery
 b - an uncursed amulet of regeneration {unknown}
 o - a +2 ring of protection {unknown}
 u - an uncursed ring of see invisible {unknown}
Scrolls
 e - a scroll of immolation {unknown}
 g - a scroll of teleportation {unknown}
 h - a scroll of noise {unknown}
 i - a scroll of magic mapping {unknown}
 j - 8 scrolls of identify {unknown}
 m - a scroll of remove curse {unknown}
 n - a scroll of enchant weapon {unknown}
Potions
 k - a potion of brilliance {unknown}
 l - a potion of heal wounds {unknown}
 r - a potion of degeneration {unknown}
 v - a potion of haste {unknown}
 x - a potion of curing {unknown}
Comestibles
 f - 7 rations


   Skills:
 + Level 5.2 Fighting
 - Level 0.2(2.0) Short Blades
 - Level 3.6 Long Blades
 + Level 2.1 Maces & Flails
 + Level 5.0 Armour
 + Level 1.8 Dodging
 - Level 0.1 Stealth
 + Level 5.1 Shields


You had 6 spell levels left.
You didn't know any spells.
Your spell library was empty.

Dungeon Overview and Level Annotations

Branches:
Dungeon (4/15)
 Temple: D:4-7

Altars:
Trog
Xom
Zin


Message History

The worker ant waves its antennae.
You hit the worker ant but do no damage.
The worker ant is severely wounded.
You feel sick. The worker ant bites you.
* * * LOW HITPOINT WARNING * * *
You block the gnoll's attack. The worker ant bites you.
* * * LOW HITPOINT WARNING * * *
* * * LOW HITPOINT WARNING * * *
You feel sick.
You sock the worker ant!
You kill the worker ant!
Trog accepts your kill.
Your Armour skill increases to level 5!
* * * LOW HITPOINT WARNING * * *
You feel sick. You block the gnoll's attack.
* * * LOW HITPOINT WARNING * * *
You feel sick.
You feel very mighty all of a sudden.
The gnoll hits you from afar with a halberd!
You die...

##### ...(#
#########################....#
................@.g.ggg.'....+
.##.#.##.################....#
.##.#.##.# ....# ....#.##.#
##### ....#.##.###
##..#.#..... ....#.#..###
...........# ###.#.#..#.#


You could see 4 gnolls.

Vanquished Creatures
  A hound (D:4)
  3 orc wizards (D:4)
  A bullfrog skeleton (D:4)
  Jessica (D:3)
  Natasha (thrice) (D:2)
  2 worker ants (D:4)
  7 gnolls
  6 adders
  3 worms (D:2)
  3 dart slugs
  2 leopard geckos (D:1)
  8 orcs
  6 bats
  A giant cockroach (D:2)
  11 goblins
  9 hobgoblins
  4 jackals (D:4)
  9 kobolds
  2 quokkas
  6 frilled lizards
  A quokka skeleton (D:4)
  A rat (D:2)
90 creatures vanquished.

Vanquished Creatures (others)
  2 ogres (D:4)
  An orc wizard (D:4)
  A worker ant (D:4)
  A hound skeleton (D:4)
  A worm (D:4)
  An orc (D:4)
  2 frilled lizards (D:4)
9 creatures vanquished.

Grand Total: 99 creatures vanquished

Notes
Turn   | Place    | Note
-------+----------+-------------------------------------------
     0 | D:1      | n0claF the Hill Orc Fighter began the quest for the Orb.
     0 | D:1      | Reached XP level 1. HP: 19/19 MP: 1/1
   198 | D:1      | Reached XP level 2. HP: 26/27 MP: 2/2
   434 | D:1      | Reached XP level 3. HP: 32/33 MP: 3/3
  1101 | D:2      | Noticed Natasha
  1110 | D:2      | Killed Natasha
  1110 | D:2      | Reached XP level 4. HP: 29/40 MP: 4/4
  1636 | D:2      | Noticed Natasha
  1644 | D:2      | Killed Natasha
  1796 | D:2      | Reached XP level 5. HP: 46/46 MP: 5/5
  1854 | D:2      | Noticed Natasha
  1865 | D:2      | Killed Natasha
  2020 | D:3      | Noticed an angel
  2021 | D:3      | Found a glowing silver altar of Zin.
  2024 | D:3      | Found a shimmering altar of Xom.
  2097 | D:3      | Found a bloodstained altar of Trog.
  2100 | D:3      | Became a worshipper of Trog the Wrathful
  2266 | D:3      | Reached skill level 1 in Dodging
  2271 | D:3      | Reached XP level 6. HP: 44/53 MP: 6/6
  2457 | D:3      | Noticed Jessica
  2470 | D:3      | Killed Jessica
  2470 | D:3      | Reached skill level 1 in Maces & Flails
  2618 | D:4      | Reached * piety under Trog
  2668 | D:4      | Found a shimmering altar of Xom.
  2750 | D:4      | Reached skill level 5 in Fighting
  2773 | D:4      | Reached XP level 7. HP: 58/61 MP: 7/7
  2785 | D:4      | Reached skill level 5 in Shields
  2949 | D:4      | Reached skill level 5 in Armour
  2951 | D:4      | Slain by a gnoll

Vault maps used:
D:1:      lightli_iron_boxes
D:2:      uniq_natasha
D:3:      grunt_temple_overflow_order_and_chaos_1, lemuel_doored_altar,
          hex_large, uniq_jessica
D:4:      first_ration, xom_confusion_cloud, uniq_crazy_yiuf_cottage

Skill      XL: |  1  2  3  4  5  6  7 |
---------------+----------------------+-----
Fighting       | 4 5 |  5.2
Long Blades    | 3 |  3.6
Armour         | 4 5 |  5.0
Shields        | 4 5 |  5.1
Dodging        | 1 |  1.8
Maces & Flails | 1 2 |  2.1
Short Blades   | |  0.2
Stealth        | |  0.1

Action                   |  1- 3 |  4- 6 |  7- 9 || total
-------------------------+-------+-------+-------++-------
Melee: Long sword        |   103 |    97 |       ||   200
       Mace              |       |    98 |    35 ||   133
       Short sword       |       |    23 |       ||    23
  Use: Potion            |       |       |     1 ||     1
  Eat: Chunk             |       |     7 |       ||     7
Armor: Scale mail        |    49 |    19 |       ||    68
       Plate armour      |       |    56 |       ||    56
       Ring mail         |       |    22 |    12 ||    34
Dodge: Dodged            |    27 |    59 |    17 ||   103
Block: Shield            |    46 |   126 |    28 ||   200
       Rpst.: Long sword |     8 |    10 |       ||    18

Table legend:
 A = Spawn XP
 B = Non-spawn XP
 C = Spawn XP percentage of total XP
 D = Spawn monster count
 E = Non-spawn monster count
 F = Spawn count percentage of total count
 G = Total turns spent on level
                    A         B        C        D         E        F      G
               +---------+---------+-------+---------+---------+-------+---------
         Total |       0 |     731 |   0.0 |       0 |      90 |   0.0 |  2951
               +---------+---------+-------+---------+---------+-------+---------
           D:1 |       0 |      36 |   0.0 |       0 |      20 |   0.0 |   806
           D:2 |       0 |     168 |   0.0 |       0 |      25 |   0.0 |  1191
           D:3 |       0 |     191 |   0.0 |       0 |      25 |   0.0 |   587
           D:4 |       0 |     336 |   0.0 |       0 |      20 |   0.0 |   367
               +---------+---------+-------+---------+---------+-------+---------
